 Dungeon Crawl Stone Soup version 0.27.0-1-g7a089689b8 (webtiles) character file.

Game seed: 1928285651591627427

390 inmateoo the Ducker (level 6, -1/59 HPs)
             Began as a Troll Air Elementalist on Aug 3, 2021.
             Was an Initiate of Ashenzari.
             Slain by an orc (6 damage)
             ... on level 4 of the Dungeon.
             The game lasted 00:03:27 (3028 turns).

inmateoo the Ducker (Troll Air Elementalist)        Turns: 3028, Time: 00:03:27

Health: -1/59      AC:  5    Str: 17    XL:     6   Next: 50%
Magic:  7/7        EV: 10    Int: 13    God:    Ashenzari [......]
Gold:   252        SH:  0    Dex: 10    Spells: 6/7 levels left

rFire    . . .     SeeInvis .     - Unarmed
rCold    . . .     Faith    .   (no shield)
rNeg     . . .     Spirit   .   a - +0 robe
rPois    .         Reflect  .   (helmet restricted)
rElec    .         Harm     .   q - +0 cloak
rCorr    .         Rampage  .   (gloves unavailable)
Will     .....                  (boots unavailable)
Stlth    +.........             (no amulet)
HPRegen  1.19/turn              n - ring of wizardry
MPRegen  0.10/turn              (no ring)

@: very slightly contaminated, invisible
A: large, unfitting armour, claws 3, regeneration 1, shaggy fur 1, tough skin 1
a: Renounce Religion, Curse Item


You were on level 4 of the Dungeon.
You worshipped Ashenzari.
Ashenzari was noncommittal.
You visited 1 branch of the dungeon, and saw 4 of its levels.
You also visited: Sewer.

You collected 252 gold pieces.

Inventory:

Missiles
 o - a throwing net
Armour
 a - a +0 robe (worn)
 q - a +0 cloak (worn)
Jewellery
 n - a ring of wizardry (left claw)
Wands
 h - a wand of flame (30)
Scrolls
 b - 3 scrolls of teleportation
 d - a scroll of enchant armour
 e - a scroll of silence
 g - 2 scrolls of enchant weapon
 i - 2 scrolls of identify
 j - a scroll of immolation
 r - a scroll of fear
Potions
 c - a potion of heal wounds
 l - a potion of haste
 m - a potion of berserk rage
 p - a potion of lignification
 s - a potion of ambrosia


   Skills:
 + Level 2.6 Fighting
 + Level 3.4 Dodging
 - Level 1.0 Stealth
 + Level 3.2 Unarmed Combat
 - Level 1.4 Spellcasting
 - Level 0.6 Conjurations
 - Level 2.4 Air Magic


You had 6 spell levels left.
You knew the following spells:

 Your Spells              Type           Power      Damage    Failure   Level
a - Shock                 Conj/Air       16%        1d4       6%          1

Your spell library contained the following spells:

 Spells                   Type           Power      Damage    Failure   Level
 Static Discharge         Conj/Air       4%         N/A       9%          2
 Animate Skeleton         Necr           0%         N/A       11%         1
 Apportation              Tloc           0%         N/A       11%         1
 Corona                   Hex            0%         N/A       11%         1
 Summon Small Mammal      Summ           0%         N/A       11%         1
 Swiftness                Air            7%         N/A       12%         3
 Airstrike                Air            3%         N/A       36%         4


Dungeon Overview and Level Annotations

Branches:
Dungeon (4/15)              Sewer (visited)
 Temple: D:4-7

Altars:
Ashenzari
Zin
The Shining One

Shops:
D:4 *


Innate Abilities, Weirdness & Mutations

You are too large for most types of armour.
You have claws for hands.
Your natural rate of healing is unusually fast.
You are covered in fur. (AC +1)
You have tough skin. (AC +1)


Message History

You are no longer poisoned.
The orc wizard barely misses you. The orc closely misses you.
The orc priest closely misses you.
Unknown command.
You closely miss the orc priest. The orc wizard barely misses you.
The orc priest calls down the wrath of Beogh upon you.
Pain shoots through your body!
* * * LOW HITPOINT WARNING * * *
Unknown command.
You barely miss the orc priest.
The orc wizard hits you with a +0 dagger.
* * * LOW HITPOINT WARNING * * *
The orc closely misses you. The orc priest barely misses you.
Unknown command.
You closely miss the orc priest. The orc wizard closely misses you.
The orc barely misses you. The orc priest hits you with a +0 mace.
* * * LOW HITPOINT WARNING * * *
Unknown command.
You scratch the orc priest but do no damage.
The orc wizard closely misses you.
The orc hits you with a +0 mace of venom.
* * * LOW HITPOINT WARNING * * *
You are poisoned.
The orc priest barely misses you.
Unknown command.
You catch the helpless orc priest completely off-guard!
You claw the orc priest!
The orc priest is heavily wounded.
You feel sick.
The orc wizard hits you but does no damage.
The orc hits you with a +0 mace of venom.
* * * LOW HITPOINT WARNING * * *
You are lethally poisoned!
Unknown command.
You feel better.
The orc wizard gestures at you while chanting.
The magic dart hits you.
* * * LOW HITPOINT WARNING * * *
The orc hits you with a +0 mace of venom.
You die...

# ##.##......##. .# ##
#.#......###..### ..#
.##
#............#..##..
..###.....###.........#
......#...# #........#
.....####.#
##.......### ####.# #.#
#..oo....... #.##
#.###..o...#..# ##.#
#..#.(o@).....# #.##
#...######....# # #..#
#.### ##.. ##
##..####.# #
.###....##.##
...........###
......###....# ....###
#.###..# ...## #.# ##


You could see an orc priest, an orc wizard and 2 orcs.

Vanquished Creatures
  A water moccasin (Sewer)
  A kobold brigand (D:3)
  A crimson imp (D:3)
  An orc priest (D:3)
  Ijyb (D:3)
  An orc wizard (D:3)
  A hound skeleton (D:4)
  An adder (D:4)
  A dart slug (D:1)
  10 orcs
  7 ball pythons
  6 endoplasms
  2 giant cockroaches
  3 goblins
  5 hobgoblins
  2 jackals (Sewer)
  9 kobolds
  5 quokkas
  2 bats (D:2)
  3 frilled lizards
  A goblin skeleton (D:3)
  3 hobgoblin zombies (D:3)
  A kobold zombie (D:3)
  An orc skeleton (D:3)
  2 orc zombies (D:3)
  4 rats
75 creatures vanquished.

Notes
Turn   | Place    | Note
-------+----------+-------------------------------------------
     0 | D:1      | inmateoo the Troll Air Elementalist began the quest for the
                  | Orb.
     0 | D:1      | Reached XP level 1. HP: 16/16 MP: 1/1
   164 | D:1      | Reached XP level 2. HP: 24/24 MP: 3/3
  1179 | D:2      | Found a faded altar of an unknown god.
  1337 | D:2      | Reached XP level 3. HP: 31/31 MP: 4/4
  1376 | D:2      | Became a worshipper of Ashenzari the Shackled
  1818 | D:3      | Reached skill level 1 in Unarmed Combat
  1818 | D:3      | Reached XP level 4. HP: 26/40 MP: 5/5
  1847 | D:3      | Reached skill level 1 in Fighting
  1861 | D:3      | Found a glowing golden altar of the Shining One.
  2018 | D:3      | Noticed a kobold brigand
  2034 | D:3      | Killed a kobold brigand
  2035 | D:3      | Reached XP level 5. HP: 18/49 MP: 6/6
  2075 | D:3      | Found a glowing silver altar of Zin.
  2101 | D:3      | Noticed Ijyb
  2120 | D:3      | Killed Ijyb
  2733 | D:4      | Reached XP level 6. HP: 49/57 MP: 7/7
  2760 | D:4      | Found a glowing drain.
  2769 | Sewer    | Entered a sewer
  2839 | Sewer    | Noticed a water moccasin
  2855 | Sewer    | Killed a water moccasin
  2936 | D:4      | Found Ymaluub's General Store.
  3028 | D:4      | Slain by an orc

Illustrated notes

Levels and vault maps discovered:
D:1:      nzn_arrival_depleted_hourglass, layout_basic
D:2:      layout_basic, basic_ecumenical_altar, chequers_serial_rivers_micro_b
D:3:      layout_basic, nicolae_tso_besieged_by_evil,
          mainiacjoe_overflow_concentric_impassable, uniq_ijyb
D:4:      layout_layer_cave, portal_sewer_entry_d, serial_shops, shop

Skill      XL: |  1  2  3  4  5  6 |
---------------+-------------------+-----
Dodging        | 2 3 |  3.4
Unarmed Combat | 1 2 3 |  3.2
Fighting       | 1 2 |  2.6
Stealth        | |  1.0
Spellcasting   | |  1.4
Conjurations   | |  0.6
Air Magic      | |  2.4

Action                   |  1- 3 |  4- 6 || total
-------------------------+-------+-------++-------
Melee: Unarmed           |    96 |   185 ||   281
       Punch             |       |     1 ||     1
  Use: Potion            |       |     3 ||     3
 Stab: Invisible         |       |     1 ||     1
Armor: Robe              |    27 |    65 ||    92
Dodge: Dodged            |    46 |   110 ||   156
